 Dungeon Crawl Stone Soup version 0.31.0-11-ge490571c62 (webtiles) character file.

Game seed: 10579767361431030592

1253 Gadfly the Insei (level 8, -4/60 HPs)
             Began as a Demonspawn Monk on Feb 2, 2024.
             Splashed by a jelly's acid (7 damage)
             ... on level 5 of the Dungeon.
             The game lasted 00:07:51 (5155 turns).

Gadfly the Insei (Demonspawn Monk)                  Turns: 5155, Time: 00:07:52

Health: -4/60      AC: -7    Str: 14    XL:     8   Next: 26%
Magic:  8/8        EV: 14    Int: 10    God:
Gold:   235        SH:  0    Dex: 16    Spells: 7/7 levels left

rFire   + .          .
                       - Unarmed
rCold   + . .        (no shield)
rNeg    . . .        e - +2 robe {rC+ rF+}
rPois   .            l - +0 helmet
rElec   .            (no cloak)
rCorr   .            (no gloves)
SInv    .            (no boots)
Will    .....        (no amulet)
Stlth   +            (no ring)
HPRegen 0.30/turn    (no ring)
MPRegen 0.11/turn

%: no passive effects
@: corroded
A: hooves 1, foul stench 2, sturdy frame 1
a: no special abilities


You were on level 5 of the Dungeon.
You visited 2 branches of the dungeon, and saw 6 of its levels.

You collected 235 gold pieces.

Inventory:

Hand Weapons
 b - a +2 scythe of freezing
 g - a +2 dagger of speed
Armour
 c - an orb of light
 e - a +2 robe of resistance (worn)
 l - a +0 helmet (worn)
Jewellery
 d - a ring of ice
 f - a ring of protection from cold
 i - a ring of ice
 r - a ring of willpower
Talismans
 m - a storm talisman
Wands
 k - a wand of flame (42) (quivered)
Scrolls
 h - 2 scrolls of identify
 j - a scroll of fear {unknown}
 n - a scroll of immolation {unknown}
 o - a scroll of noise {unknown}
 q - a scroll of teleportation
Potions
 a - a potion of attraction
 p - a potion of ambrosia


   Skills:
 + Level 4.0 Fighting
 + Level 4.4 Dodging
 * Level 5.6 Unarmed Combat
 + Level 4.2 Evocations
 * Level 4.1 Shapeshifting


You had 7 spell levels left.
You didn't know any spells.
Your spell library contained the following spells:

 Spells                   Type           Power      Damage    Failure   Level
 Sting                    Conj/Alch      0%         1d3       36%         1
 Mercury Vapours          Alch/Air       0%         N/A       50%         2
 Olgreb's Toxic Radiance  Alch           0%         N/A       98%         4


Dungeon Overview and Level Annotations

Branches:
Dungeon (5/15)             Temple (1/1) D:5

Altars:
Gozag
Kikubaaqudgha
Okawaru
Qazlal
Ru
Sif Muna
Trog
Uskayaw
Vehumet
Wu Jian
Xom

Shops:
D:5 !((

Annotations:
D:5 2 transporters


Innate Abilities, Weirdness & Mutations

You have large cloven feet.
You sometimes emit foul miasma when damaged in melee.
Your movements are slightly less encumbered by armour. (ER -2)


Message History

The jelly misses you.
You hit the jelly but do no damage. The acid corrodes you!
Your hands burn!
You kick the jelly.
The jelly is moderately wounded.
The jelly hits you. The acid corrodes you!
You are splashed with acid!
You hit the jelly but do no damage.
Your hands burn!
The jelly is moderately wounded.
The jelly barely misses you.
You hit the jelly but do no damage.
Your hands burn!
The jelly is moderately wounded.
The jelly hits you.
You are splashed with acid!
You are too injured to fight recklessly!
You are too injured to fight recklessly!
You are too injured to fight recklessly!
You are too injured to fight recklessly!
You are too injured to fight recklessly!
You are too injured to fight recklessly!
You are too injured to fight recklessly!
A jelly is nearby!
A jelly is nearby!
Unknown command.
You hit the jelly but do no damage.
Your hands burn!
The jelly is moderately wounded.
You hit the jelly but do no damage.
Your hands burn!
You kick the jelly, but do no damage.
The jelly is moderately wounded.
The jelly hits you.
* * * LOW HITPOINT WARNING * * *
You are splashed with acid!
* * * LOW HITPOINT WARNING * * *
You emit a cloud of foul miasma!
You hit the jelly.
Your hands burn!
* * * LOW HITPOINT WARNING * * *
You kick the jelly, but do no damage.
The jelly is heavily wounded.
The jelly is engulfed in dark miasma.
The jelly seems to slow down.
The jelly hits you.
* * * LOW HITPOINT WARNING * * *
You are splashed with acid!
You die...

#....###...# ####.
##.### ##..# # #..#
#.)# .# # #..#####.##
#.#.# ##.....#..##
#...# #..........##
#..$#
###...........###....#
##........##.....J..#
..........###...@#
....#.....##....##
.........##.....#
................#
#.........##....##
........######...#
###....## #...#
.......## ##..## #
#....#..## #...###.#


You could see a jelly (slow).

Vanquished Creatures
  Sigmund (D:4)
  Menkaure (D:4)
  2 water moccasins (D:5)
  2 ogres
  A phantom (D:5)
  A scorpion (D:4)
  4 hounds
  An orc priest (D:4)
  2 orc wizards (D:5)
  4 iguanas
  Terence (D:2)
  Robin (D:2)
  4 adders
  2 dart slugs
  3 ribbon worms (D:2)
  4 orcs
  3 bats
  8 endoplasms
  2 giant cockroaches
  11 goblins
  8 hobgoblins
  7 jackals
  3 quokkas
  9 ball pythons
  A frilled lizard (D:1)
  8 kobolds
  4 rats
98 creatures vanquished.

Notes
Turn   | Place    | Note
-------+----------+-------------------------------------------
     0 | D:1      | Gadfly the Demonspawn Monk began the quest for the Orb.
     0 | D:1      | Reached XP level 1. HP: 18/18 MP: 1/1
   155 | D:1      | Gained mutation: Your movements are slightly less
                  | encumbered by armour. (ER -2) [demonic ancestry]
   155 | D:1      | Reached XP level 2. HP: 20/24 MP: 2/2
   277 | D:1      | Reached skill level 3 in Unarmed Combat
   307 | D:1      | Reached skill level 1 in Evocations
   570 | D:1      | Gained mutation: You have large cloven feet. [demonic
                  | ancestry]
   570 | D:1      | Reached XP level 3. HP: 18/29 MP: 3/3
   837 | D:2      | Reached skill level 1 in Shapeshifting
   849 | D:2      | Noticed Robin
   858 | D:2      | Killed Robin
   858 | D:2      | Noticed Terence
   894 | D:2      | Killed Terence
   895 | D:2      | Reached XP level 4. HP: 35/35 MP: 4/4
  1906 | D:3      | Reached XP level 5. HP: 41/41 MP: 5/5
  2271 | D:4      | Noticed an ogre
  2284 | D:4      | Killed an ogre
  2285 | D:4      | Reached skill level 4 in Unarmed Combat
  2361 | D:4      | Noticed Menkaure
  2371 | D:4      | Killed Menkaure
  2372 | D:4      | Reached XP level 6. HP: 10/47 MP: 6/6
  2556 | D:4      | Noticed Sigmund
  2760 | D:4      | Killed Sigmund
  2761 | D:4      | Gained mutation: You may rarely emit foul miasma when
                  | damaged in melee. [demonic ancestry]
  2761 | D:4      | Reached XP level 7. HP: 7/52 MP: 7/7
  3232 | D:5      | Entered Level 5 of the Dungeon
  3273 | D:5      | Found a staircase to the Ecumenical Temple.
  3315 | D:5      | HP: 2/52 [orc wizard/magic dart (8)]
  3317 | Temple   | Entered the Ecumenical Temple
  3519 | D:5      | Reached skill level 5 in Unarmed Combat
  3595 | D:5      | Found a transporter.
  3595 | D:5      | Found a sacrificial altar of Ru.
  3596 | D:5      | Noticed a two-headed ogre
  3609 | D:5      | Found a transporter.
  3781 | D:5      | Found Cuxink's Antique Weapon Boutique.
  3782 | D:5      | Found Pumad's Distillery.
  3782 | D:5      | Found Housaipt's Antique Weapon Boutique.
  4026 | D:5      | Gained mutation: You sometimes emit foul miasma when
                  | damaged in melee. [demonic ancestry]
  4026 | D:5      | Reached XP level 8. HP: 37/60 MP: 8/8
  4136 | D:5      | HP: 4/90 [poisoned by a water moccasin]
  5082 | D:5      | Found a shimmering altar of Xom.
  5155 | D:5      | HP: 3/60 [jelly (2)]
  5155 | D:5      | Splashed by a jelly's acid

Illustrated notes

Levels and vault maps discovered:
D:1:      elethiomel_arrival_infinity_welcomes_careful_drivers, layout_rooms
D:2:      layout_basic, uniq_robin, uniq_terence
D:3:      layout_rooms, nicolae_concentric_dashed_squares_mild,
          kennysheep_generic_room_7
D:4:      layout_rooms, mainiacjoe_overflow_tiny_flanked, uniq_sigmund,
          uniq_menkaure
D:5:      layout_layer_cave, gammafunk_temple_overflow_arena,
          kennysheep_mini_moat, minmay_temple_entry_arrows,
          nicolae_shop_distant_corner_stores
Temple:   hellmonk_temple_beads

Skill      XL: |  1  2  3  4  5  6  7  8 |
---------------+-------------------------+-----
Unarmed Combat | 3 4 5 |  5.6
Evocations     | 1 2 3 4 |  4.2
Shapeshifting  | 1 2 3 4 |  4.1
Dodging        | 3 4 |  4.4
Fighting       | 4 |  4.0

Action                     |  1- 3 |  4- 6 |  7- 9 || total
---------------------------+-------+-------+-------++-------
  Melee: Unarmed           |   135 |   128 |   131 ||   394
         Kick              |    21 |    50 |    36 ||   107
         Halberd           |       |       |    11 ||    11
         Punch             |       |       |     3 ||     3
  Evoke: Wand              |       |     6 |       ||     6
    Use: Potion            |     4 |     3 |     3 ||    10
         Scroll            |     2 |     3 |     2 ||     7
 Armour: Robe              |    68 |    57 |    79 ||   204
         Skin              |       |     7 |       ||     7
  Dodge: Dodged            |   109 |    77 |    75 ||   261
